Map: Abyssal Reef LE

Players

Dakota - Winner!

  • Race: Protoss Protoss
  • League: Gold
  • Spawn Location: 5:00

Yata

  • Race: Zerg Zerg
  • League: Gold
  • Spawn Location: 11:00

VOD

Have the link to the VOD?

Description

Time

  • Played on: Sept. 10, 2017, 8:11 p.m.
  • Length: 18:13
Show
View Real Time Build Order
Export as new Build Order

Dakota Protoss - Winner!

Build Orders: 1 Gate Expand 

Get SALT Encoding   

  12  0:01  Probe (Chrono Boost)  
  13  0:11  Probe (Chrono Boost)  
  14  0:17  Pylon  
  14  0:22  Probe (Chrono Boost)  
  15  0:36  Probe (Chrono Boost)  
  15  0:38  Gateway  
  16  0:46  Probe (Chrono Boost)  
  16  0:49  Assimilator  
  18  0:57  Probe (Chrono Boost)  
  18  1:07  Probe (Chrono Boost)  
  18  1:08  Assimilator  
  19  1:18  Probe (Chrono Boost)  
  20  1:32  Nexus  
  20  1:37  Probe (Chrono Boost)  
  21  1:44  Cybernetics Core  
  21  1:47  Probe (Chrono Boost)  
  22  1:59  Probe (Chrono Boost)  
  23  2:06  Pylon  
  23  2:23  Warp Gate  
  23  2:24  Zealot, Probe (Chrono Boost)  
  26  2:36  Pylon  
  26  2:38  Probe (Chrono Boost)  
  27  2:47  Probe (Chrono Boost)  
  27  2:54  Probe (Chrono Boost)  
  28  3:00  Forge  
  28  3:02  Gateway  
  28  3:06  Gateway  
  28  3:07  Probe (Chrono Boost)  
  28  3:08  Probe (Chrono Boost)  
  30  3:16  Pylon  
  30  3:18  Probe (Chrono Boost)  
  30  3:19  Probe (Chrono Boost)  
  32  3:29  Probe x2 (Chrono Boost)  
  32  3:34  Protoss Ground Weapons Level 1  
  34  3:38  Photon Cannon  
  34  3:48  Pylon  
  34  3:50  Sentry  
  36  4:03  Photon Cannon  
  36  4:04  Probe (Chrono Boost)  
  36  4:05  Probe (Chrono Boost)  
  38  4:15  Probe x2 (Chrono Boost)  
  33  4:26  Probe (Chrono Boost)  
  33  4:30  Probe (Chrono Boost)  
  35  4:33  Assimilator  
  35  4:35  Assimilator  
  35  4:36  Probe (Chrono Boost)  
  36  4:41  Sentry, Probe (Chrono Boost)  
  36  4:42  Sentry, Stalker  
  43  4:45  Pylon  
  43  4:55  Probe (Chrono Boost)  
  43  4:56  Pylon, Probe (Chrono Boost)  
  45  5:06  Probe x2 (Chrono Boost)  
  47  5:10  Robotics Facility  
  47  5:17  Pylon, Probe x2 (Chrono Boost)  
  47  5:21  Sentry x2  
  51  5:22  Sentry  
  51  5:27  Probe x2 (Chrono Boost)  
  51  5:28  Protoss Ground Armor Level 1  
  57  5:40  Photon Cannon  
  57  5:48  Zealot  
  57  5:49  Stalker x2  
  63  6:12  Probe x2 (Chrono Boost)  
  63  6:15  Observer  
  63  6:17  Nexus  
  66  6:18  Pylon  
  66  6:19  Stalker  
  66  6:22  Pylon  
  66  6:23  Sentry, Probe x2 (Chrono Boost)  
  71  6:36  Immortal  
  73  7:00  Photon Cannon  
  73  7:05  Photon Cannon  
  73  7:06  Gateway  
  73  7:11  Gateway  
  73  7:14  Stalker  
  73  7:15  Photon Cannon  
  75  7:16  Stalker x2  
  75  7:17  Pylon  
  79  7:24  Observer  
  80  7:31  Probe (Chrono Boost)  
  80  7:32  Probe (Chrono Boost)  
  80  7:33  Probe (Chrono Boost)  
  83  7:37  Assimilator  
  83  7:40  Protoss Shields Level 1  
  83  7:41  Assimilator  
  83  7:42  Probe x2 (Chrono Boost)  
  83  7:43  Twilight Council, Probe (Chrono Boost)  
  86  7:54  Gateway  
  86  7:56  Gateway  
  86  7:58  Gateway  
  86  8:00  Gateway  
  86  8:03  Gateway  
  86  8:04  Probe x3 (Chrono Boost)  
  89  8:14  Probe (Chrono Boost)  
  90  8:24  Observer  
  90  8:26  Probe x3 (Chrono Boost)  
  90  8:36  Zealot, Probe (Chrono Boost)  
  90  8:37  Zealot x3  
  90  8:38  Zealot  
  89  8:45  Immortal  
  93  8:52  Probe (Chrono Boost)  
  93  8:53  Probe x2 (Chrono Boost)  
  96  8:58  Photon Cannon  
  96  9:04  Forge  
  96  9:09  Robotics Bay  
  96  9:11  Pylon  
  96  9:16  Charge  
  96  9:42  Pylon, Protoss Ground Weapons Level 2 (Chrono Boost)  
  96  9:44  Pylon  
  96  9:48  Photon Cannon  
  96  9:52  Stalker x6  
  106  9:53  Stalker x2  
  106  9:54  Stalker x2  
  116  10:00  Protoss Ground Armor Level 2 (Chrono Boost)  
  116  10:05  Colossus (Chrono Boost)  
  122  10:21  Nexus  
  122  10:24  Pylon, Zealot x5  
  122  10:25  Zealot x3  
  138  10:28  Pylon  
  127  10:49  Zealot x2  
  123  10:50  Zealot x5  
  123  10:51  Zealot  
  123  10:52  Zealot  
  123  10:53  Zealot  
  129  11:15  Zealot x3  
  129  11:16  Zealot x6  
  129  11:17  Zealot  
  110  11:31  Colossus (Chrono Boost)  
  112  11:50  Nexus  
  112  11:52  Photon Cannon  
  112  11:53  Templar Archives  
  112  11:55  Photon Cannon  
  112  12:02  Sentry x2  
  112  12:03  Sentry x4  
  112  12:04  Sentry x2  
  112  12:07  Sentry  
  130  12:20  Protoss Ground Weapons Level 3  
  122  12:32  Stalker x3  
  122  12:33  Stalker  
  122  12:34  Zealot, Stalker  
  134  13:02  Observer (Chrono Boost)  
  134  13:05  Protoss Ground Armor Level 3  
  135  13:20  Colossus (Chrono Boost)  
  135  13:26  Pylon  
  141  13:33  High Templar x2  
  141  13:34  High Templar x2  
  147  13:37  Psionic Storm  
  141  14:02  Zealot x2  
  139  14:03  High Templar x4  
  147  14:20  Assimilator  
  147  14:23  Assimilator  
  133  14:39  Extended Thermal Lance  
  133  14:40  Protoss Shields Level 2  
  133  14:41  Colossus (Chrono Boost)  
  137  14:47  Stalker x3  
  137  14:48  Stalker x4  
  137  14:49  Stalker x2  
  137  14:50  Stalker  
  157  14:54  Blink  
  141  15:37  Colossus (Chrono Boost)  
  141  15:41  Stalker  
  141  15:42  Stalker  
  151  15:43  High Templar, Stalker  
  151  15:44  High Templar x2  
  151  15:45  High Templar  
  151  15:46  Zealot x3  
  167  16:05  Nexus  
  167  16:07  Pylon  
  167  16:13  Stalker x4  
  175  16:26  Photon Cannon  
  175  16:30  Photon Cannon  
  175  16:36  Photon Cannon  
  175  16:40  Photon Cannon  
  175  16:50  Dark Shrine  
  173  17:14  Zealot x2  
  173  17:15  Zealot  
  179  17:41  Mothership Core  
  176  18:08  Archon x3  
Show
View Real Time Build Order
Export as new Build Order

Yata Zerg 

Build Orders: Hatch First 

Get SALT Encoding   

  12  0:00  Drone  
  13  0:08  Drone  
  14  0:16  Overlord  
  14  0:35  Drone x3  
  17  0:55  Hatchery  
  17  0:56  Drone  
  17  1:02  Drone  
  18  1:10  Extractor  
  17  1:15  Spawning Pool  
  17  1:18  Drone  
  17  1:22  Drone  
  18  1:29  Drone  
  19  1:40  Overlord  
  19  1:50  Drone  
  20  2:02  Drone, Queen  
  23  2:12  Queen  
  23  2:13  Zergling x4  
  27  2:30  Drone  
  27  2:31  Drone x2  
  27  2:32  Metabolic Boost  
  30  2:38  Baneling Nest  
  29  2:52  Drone x4  
  29  2:56  Overlord  
  33  3:01  Evolution Chamber  
  32  3:07  Zergling x2  
  32  3:08  Zergling x2  
  32  3:12  Drone x2  
  36  3:14  Drone x2  
  38  3:23  Drone x4  
  42  3:31  Baneling  
  42  3:32  Baneling x3  
  42  3:38  Extractor  
  41  3:50  Hatchery, Drone x4  
  41  3:52  Overlord  
  42  4:21  Queen  
  42  4:23  Zerg Melee Weapons Level 1  
  45  4:24  Zergling x8  
  45  4:25  Zergling x8  
  45  4:28  Overlord  
  45  4:29  Overlord  
  52  4:31  Pneumatized Carapace  
  52  5:03  Drone x10  
  62  5:09  Lair  
  60  5:33  Zergling x8  
  60  5:34  Zergling x12  
  65  5:44  Drone x3  
  68  5:52  Drone x5  
  73  6:04  Baneling x2  
  73  6:05  Overlord, Baneling x4  
  73  6:06  Overlord x2  
  73  6:14  Hydralisk Den  
  73  6:18  Zerg Missile Weapons Level 1  
  72  6:20  Centrifical Hooks  
  66  6:47  Zergling x14  
  64  6:48  Zergling x12  
  72  6:55  Hydralisk  
  72  6:56  Hydralisk x4  
  82  7:10  Zergling x12  
  82  7:11  Zergling x2  
  89  7:21  Muscular Augments  
  89  7:26  Extractor x2, Queen  
  89  7:28  Extractor, Queen  
  89  7:29  Extractor  
  89  7:44  Hatchery  
  89  7:48  Drone  
  89  7:50  Overlord x3  
  89  7:51  Overlord  
  89  8:00  Baneling x5  
  89  8:01  Baneling x5  
  89  8:08  Queen  
  91  8:15  Drone x2  
  91  8:16  Drone x5  
  91  8:17  Drone x2  
  79  8:43  Zergling x2  
  79  8:44  Zergling x38, Queen  
  98  8:51  Zerg Missile Weapons Level 2  
  98  9:00  Hydralisk x2  
  98  9:01  Hydralisk x6  
  114  9:09  Evolution Chamber  
  113  9:11  Drone x4  
  117  9:22  Hydralisk  
  117  9:23  Hydralisk x5  
  127  9:30  Hydralisk  
  127  9:33  Overlord x2  
  127  9:34  Overlord x3  
  127  9:35  Overseer  
  127  9:48  Overseer  
  127  9:55  Hydralisk x13  
  127  9:56  Hydralisk x3  
  127  9:59  Baneling x2  
  159  10:00  Baneling  
  159  10:04  Overlord x3  
  159  10:05  Overlord  
  159  10:10  Lair  
  155  10:33  Zergling x10  
  155  10:34  Zergling x18  
  158  10:46  Zergling x16  
  158  10:47  Zergling x8  
  169  10:58  Zergling x8  
  153  11:14  Zergling x8  
  106  11:27  Hydralisk  
  106  11:28  Hydralisk x6  
  115  11:37  Zerg Ground Armor Level 1, Zerg Melee Weapons Level 2  
  113  11:42  Zergling x10  
  118  11:47  Overseer x3  
  118  11:49  Hydralisk  
  118  11:50  Hydralisk x2  
  118  11:53  Drone  
  125  11:59  Queen  
  125  12:00  Queen x2  
  131  12:03  Hydralisk x8  
  131  12:06  Zergling x2  
  138  12:27  Hydralisk x8  
  139  12:35  Queen  
  141  12:40  Spire  
  141  12:41  Hydralisk  
  141  12:42  Spire, Hydralisk  
  143  12:48  Infestation Pit  
  142  12:55  Hatchery  
  142  12:56  Zergling x2  
  142  12:57  Zergling x6  
  145  13:05  Zergling x2  
  145  13:06  Zergling x12  
  145  13:07  Zergling x2  
  153  13:30  Zergling x2  
  153  13:31  Zergling x26  
  167  13:41  Zerg Ground Armor Level 2  
  167  13:42  Hive  
  130  14:01  Corruptor x6  
  141  14:10  Zergling x18  
  126  14:39  Zergling x2  
  126  14:40  Zergling x18  
  136  14:46  Corruptor x2  
  136  14:51  Queen  
  142  14:53  Queen  
  144  15:04  Hydralisk  
  144  15:05  Hydralisk x6  
  158  15:16  Hydralisk x3  
  136  15:30  Hydralisk x5  
  133  15:44  Hydralisk x5  
  143  16:12  Ultralisk Cavern  
  143  16:14  Greater Spire  
  143  16:15  Hatchery  
  141  16:22  Extractor  
  141  16:23  Extractor  
  141  16:25  Hatchery  
  139  16:37  Extractor  
  138  16:40  Extractor  
  138  16:46  Overlord x6  
  137  16:48  Hydralisk x3  
  137  16:49  Hydralisk x3  
  149  16:55  Zergling x8  
  107  17:16  Zergling x2  
  107  17:17  Zergling x22  
  107  17:18  Zergling x2  
  120  17:31  Brood Lord x2  
  120  17:35  Brood Lord  
  126  17:38  Zergling x2  
  126  17:39  Zergling x2  
Tags
 
Add a new tag
Caveats
  • Supply blocks, unpowered buildings, or Contaminate may cause inaccurate times.
  • Supply counts are checked every 10 seconds.